[Event "December 12 Early 2023"]
[Site "https://www.chess.com"]
[Date "2023.12.12"]
[Round "2"]
[White "Gokerkan, Cem Kaan"]
[Black "Guliev, Logman"]
[Result "1/2-1/2"]
[Board "43"]
[TimeControl "180+1"]
[WhiteFideId "6336760"]
[BlackFideId "13400061"]
[WhiteElo "2869"]
[BlackElo "2576"]
[WhiteTeam "TUR"]
[BlackTeam "AZE"]
[WhiteClock "0:00:06"]
[BlackClock "0:00:04"]

1. e4 c5 2. Nf3 d6 3. d4 cxd4 4. Nxd4 Nf6 5. Nc3 Nc6 6. Bc4 e6 7. Be3 Be7 8. Bb3 a6 9. g4 Qc7 10. g5 Nd7 11. h4 Nc5 12. Qe2 Nxb3 13. axb3 Bd7 14. h5 Bxg5 15. Nxe6 fxe6 16. Bxg5 O-O 17. O-O-O Qa5 18. Rhg1 Nb4 19. Rxd6 Qa1+ 20. Nb1 Na2+ 21. Kd2 Bb5 22. Qe3 Qxb2 23. Bh6 Rf7 24. Qd4 Qxd4+ 25. Rxd4 Rxf2+ 26. Ke3 Re2+ 27. Kf4 Rf8+ 28. Ke5 Rf5+ 29. Kxe6 Rf6+ 30. Ke7 Rf7+ 31. Ke6 Rf6+ 32. Ke7 Rf7+ 33. Kd8 Rxc2 34. Na3 Rcc7 35. Nxb5 axb5 36. e5 Nb4 37. Rxb4 Rfd7+ 38. Ke8 Re7+ 39. Kd8 Red7+ 40. Ke8 Re7+ 41. Kd8 Red7+ 1/2-1/2

[Event "December 12 Early 2023"]
[Site "https://www.chess.com"]
[Date "2023.12.12"]
[Round "2"]
[White "Saravana, Krishnan P."]
[Black "Kazakouski, Valery"]
[Result "1-0"]
[Board "44"]
[TimeControl "180+1"]
[WhiteFideId "5018382"]
[BlackFideId "13507443"]
[WhiteElo "2576"]
[BlackElo "2867"]
[WhiteTeam "IND"]
[BlackTeam "LTU"]
[WhiteClock "0:00:08"]
[BlackClock "0:00:00"]

1. Nf3 d5 2. g3 Nd7 3. Bg2 e5 4. O-O Ngf6 5. d3 Bc5 6. e3 O-O 7. d4 Bd6 8. b3 e4 9. Nfd2 Qe7 10. c4 c6 11. a4 Re8 12. Ba3 Nf8 13. Qc1 h5 14. Nc3 Bd7 15. cxd5 cxd5 16. Bxd6 Qxd6 17. Nb5 Bxb5 18. axb5 Qb4 19. f3 Rac8 20. Qe1 exf3 21. Nxf3 Qxb3 22. Ne5 Ng6 23. Nxg6 fxg6 24. Rxa7 Rxe3 25. Qb1 Qxb1 26. Rxb1 Re7 27. Rba1 Rc4 28. R7a4 Rxa4 29. Rxa4 Kf7 30. Ra8 g5 31. Rd8 Ke6 32. h3 Rd7 33. Rb8 Kd6 34. Rc8 Rc7 35. Rd8+ Rd7 36. Rc8 h4 37. g4 Re7 38. Kf2 Re8 39. Rc1 Re7 40. Rc8 Rf7 41. Rd8+ Kc7 42. Ra8 Nxg4+ 43. Ke2 Re7+ 44. Kd3 Nf6 45. Rf8 Kb6 46. Rb8 Kxb5 47. Rd8 Kc6 48. Rc8+ Kd6 49. Rb8 g4 50. hxg4 Rd7 51. g5 Ng4 52. Rf8 Ke7 53. Rf4 h3 54. Bxh3 Nh2 55. Rf2 Rc7 56. Rxh2 b5 57. Re2+ Kf7 58. Be6+ Kg6 59. Bxd5 Kxg5 60. Rb2 Kf4 61. Rxb5 g5 62. Be4 Rf7 63. Rb1 Kg3 64. Rg1+ Kh4 65. d5 g4 66. d6 Rf6 67. d7 Rd6+ 68. Ke3 Rxd7 69. Bf5 Rg7 70. Kf4 Kh3 71. Bxg4+ Kh2 72. Rf1 Rf7+ 73. Bf5 Kg2 74. Re1 Kf2 75. Ra1 Re7 76. Ra2+ Re2 77. Ra3 Rb2 78. Be4 Ke1 79. Rh3 Kd2 80. Ke5 Rb4 81. Bd5 1-0

[Event "December 12 Early 2023"]
[Site "https://www.chess.com"]
[Date "2023.12.12"]
[Round "2"]
[White "Mikaelyan, Arman"]
[Black "Bettalli, Francesco"]
[Result "1/2-1/2"]
[Board "45"]
[TimeControl "180+1"]
[WhiteFideId "13304852"]
[BlackFideId "2816453"]
[WhiteElo "2865"]
[BlackElo "2574"]
[WhiteTeam "ARM"]
[BlackTeam "ITA"]
[WhiteClock "0:00:10"]
[BlackClock "0:00:15"]

1. d4 Nf6 2. c4 c5 3. Nf3 cxd4 4. Nxd4 Nc6 5. Nc3 d6 6. e4 g6 7. Be2 Nxd4 8. Qxd4 Bg7 9. Be3 O-O 10. Qd2 a6 11. O-O Be6 12. f4 Qa5 13. Rac1 Rfc8 14. b3 Nd7 15. f5 gxf5 16. exf5 Bxf5 17. Nd5 Qxd2 18. Bxd2 Bd4+ 19. Kh1 Kf8 20. Rxf5 e6 21. Bh6+ Ke8 22. Rxf7 Kxf7 23. Bh5+ Kg8 24. Ne7+ Kh8 25. Nxc8 Rxc8 26. Bg4 Re8 27. Rd1 Be5 28. h3 Nc5 29. Be3 Ne4 30. Kg1 b5 31. cxb5 axb5 32. Bf3 Nc3 33. Rd2 d5 34. Bc5 Rc8 35. Bb4 Kg7 36. Bg4 Ne4 37. Rd1 Rc6 38. Bf3 Bc3 39. Bxe4 Bxb4 40. Bd3 Ra6 41. a4 Kf6 42. Bxb5 Ra7 43. Kf2 Ke5 44. Rc1 Kd4 45. Ke2 e5 46. Rd1+ Ke4 47. Bd3+ Kf4 48. Rf1+ Kg3 49. Rf5 e4 50. Bc2 Rc7 51. Kd1 e3 52. Rf3+ Kxg2 53. Rxe3 d4 54. Rd3 Re7 55. Kc1 Bc3 56. Bd1 Rc7 57. Kb1 Re7 58. b4 Bxb4 59. Rxd4 Rb7 60. Ka2 Bc3 61. Rd3 Rb2+ 62. Ka3 Be5 63. Re3 Bf6 64. Re2+ Rxe2 65. Bxe2 Kxh3 66. a5 Bd4 67. a6 Be3 68. Kb3 Ba7 69. Kc4 Kh4 70. Kd3 h5 71. Bxh5 Kxh5 72. Ke4 Kg6 73. Kd5 Kf7 74. Kc6 Bf2 75. Kb7 Bg1 76. a7 Bxa7 1/2-1/2

[Event "December 12 Early 2023"]
[Site "https://www.chess.com"]
[Date "2023.12.12"]
[Round "2"]
[White "Iskusnyh, Sergei"]
[Black "Corrales Jimenez, Fidel"]
[Result "1-0"]
[Board "46"]
[TimeControl "180+1"]
[WhiteFideId "4120027"]
[BlackFideId "3506690"]
[WhiteElo "2571"]
[BlackElo "2861"]
[WhiteTeam "RUS"]
[BlackTeam "USA"]
[WhiteClock "0:00:08"]
[BlackClock "0:00:14"]

1. d4 Nf6 2. c4 e6 3. g3 d5 4. Bg2 Be7 5. Nf3 O-O 6. O-O dxc4 7. Na3 Bxa3 8. bxa3 Nc6 9. Bb2 Rb8 10. a4 a6 11. Qc2 b5 12. axb5 axb5 13. a4 Ba6 14. axb5 Bxb5 15. Rfd1 Nb4 16. Qc1 Nbd5 17. Ba3 Re8 18. Ne5 Nb6 19. Rb1 Ba4 20. Qd2 Nfd5 21. Rdc1 c3 22. Qd3 c2 23. Ra1 f6 24. Ng4 Qd7 25. e4 Ne7 26. Ne3 Nc6 27. Bc5 Na5 28. Ra3 Red8 29. Bh3 Qc6 30. Bxb6 cxb6 31. d5 exd5 32. exd5 Qc5 33. Rxa4 g6 34. Be6+ Kh8 35. Rh4 Qe7 36. Qxg6 Qg7 37. Qxg7+ Kxg7 38. Rxc2 Rb7 39. Nf5+ Kh8 40. Re4 b5 41. d6 b4 42. d7 b3 43. Rc8 Rb8 44. Re1 Nc6 45. Rxd8+ Nxd8 46. Bxb3 h5 47. Re8+ Kh7 48. Bf7 h4 49. Bh5 h3 50. f4 Rb1+ 51. Kf2 Nc6 52. Rc8 Rb2+ 53. Ke3 Rb3+ 54. Ke2 Rb2+ 55. Kf3 Rxh2 56. Kg4 Rd2 57. Rxc6 h2 58. Rc1 Rxd7 59. Rh1 Rd2 60. Kh3 Rd5 61. Rxh2 Rxf5 62. Kg4 Ra5 63. Bf7+ Kg7 64. Be6 Ra6 65. Bf5 Ra8 66. Rh7+ Kg8 67. Rc7 Ra3 68. Be6+ Kh8 69. Kh4 Ra5 70. f5 Ra4+ 71. Kh3 Rh4+ 72. Kg2 Rh2+ 73. Kf3 Rf2+ 74. Ke4 Rf4+ 75. Kd5 Rd4+ 76. Kc6 Rd6+ 77. Kb7 Rb6+ 78. Kc8 Rb8+ 79. Kd7 Rd8+ 80. Ke7 Re8+ 81. Kxf6 Rf8+ 82. Bf7 Rd8 83. Rc5 Rd6+ 84. Ke7 Rb6 85. f6 Rb7+ 86. Kf8 Rb8+ 87. Be8 Rb5 88. Rxb5 1-0

[Event "December 12 Early 2023"]
[Site "https://www.chess.com"]
[Date "2023.12.12"]
[Round "2"]
[White "Aghasiyev, Kamal"]
[Black "Xu, Yi"]
[Result "0-1"]
[Board "47"]
[TimeControl "180+1"]
[WhiteFideId "13402854"]
[BlackFideId "8605564"]
[WhiteElo "2568"]
[BlackElo "2853"]
[WhiteTeam "AZE"]
[BlackTeam "CHN"]
[WhiteClock "0:00:03"]
[BlackClock "0:00:32"]

1. e4 c6 2. Nc3 d5 3. Nf3 Bg4 4. h3 Bxf3 5. Qxf3 e6 6. g3 Nd7 7. d3 Bc5 8. Bg2 Ne7 9. O-O O-O 10. Qe2 Qc7 11. Bf4 Bd6 12. Bxd6 Qxd6 13. d4 Rad8 14. Rfd1 Qc7 15. a4 a5 16. Re1 Nf6 17. Rad1 dxe4 18. Nxe4 Nxe4 19. Qxe4 Qb6 20. b3 Nf5 21. Qe5 Nxd4 22. Rc1 Nf5 23. Rcd1 h6 24. g4 Nh4 25. Be4 Rxd1 26. Rxd1 Rd8 27. Rd3 Rxd3 28. cxd3 Qd8 29. f4 g5 30. f5 exf5 31. gxf5 f6 32. Qe6+ Kg7 33. Kf1 Qc7 34. Ke2 Qf7 35. Qxf7+ Kxf7 36. b4 axb4 37. a5 Ke7 38. Bxc6 Nxf5 39. Bxb7 Kd6 40. a6 Nd4+ 41. Ke3 Nb5 42. d4 b3 43. Kd3 Kc7 44. Bd5 b2 45. Kc2 b1=Q+ 46. Kxb1 Nc3+ 47. Kc2 Nxd5 48. Kd3 f5 49. Kc4 Kc6 50. a7 Nb6+ 51. Kb4 f4 52. Ka5 Na8 0-1

[Event "December 12 Early 2023"]
[Site "https://www.chess.com"]
[Date "2023.12.12"]
[Round "2"]
[White "Martinez Fernandez, Adrian"]
[Black "Bocharov, Dmitry"]
[Result "0-1"]
[Board "48"]
[TimeControl "180+1"]
[WhiteFideId "32049048"]
[BlackFideId "4138716"]
[WhiteElo "2567"]
[BlackElo "2852"]
[WhiteTeam "ESP"]
[BlackTeam "RUS"]
[WhiteClock "0:00:30"]
[BlackClock "0:01:24"]

1. e4 c5 2. Nc3 Nc6 3. Nge2 Nf6 4. g3 g6 5. Bg2 Bg7 6. O-O O-O 7. d4 cxd4 8. Nxd4 d6 9. Nde2 Rb8 10. a4 a6 11. h3 b5 12. axb5 axb5 13. Bg5 h6 14. Be3 b4 15. Nd5 Nd7 16. Nd4 Bxd4 17. Bxd4 e6 18. Nf4 Nxd4 19. Qxd4 e5 20. Qxd6 Rb6 21. Qd2 exf4 22. Qxf4 Qg5 23. Qc7 Qe5 24. Qc4 Qxb2 25. Rfb1 Qf6 26. f4 Rc6 27. Qe2 Rc3 28. Kh2 Nc5 29. e5 Qb6 30. Qf2 Bf5 31. Ra2 b3 32. cxb3 Bxb1 0-1

[Event "December 12 Early 2023"]
[Site "https://www.chess.com"]
[Date "2023.12.12"]
[Round "2"]
[White "Putnam, Liam"]
[Black "Kozusek, Daniel"]
[Result "0-1"]
[Board "49"]
[TimeControl "180+1"]
[WhiteFideId "30938279"]
[BlackFideId "349500"]
[WhiteElo "2850"]
[BlackElo "2564"]
[WhiteTeam "USA"]
[BlackTeam "WLS"]
[WhiteClock "0:00:19"]
[BlackClock "0:00:14"]

1. Nf3 d5 2. e3 Nf6 3. c4 e6 4. Nc3 Nbd7 5. b3 b6 6. Bb2 Bb7 7. Qc2 Bd6 8. cxd5 exd5 9. Nd4 Nc5 10. Nf5 Bf8 11. d4 Ne6 12. Bd3 g6 13. Ng3 Bg7 14. h4 h5 15. Bxg6 fxg6 16. Qxg6+ Kd7 17. Nf5 Qg8 18. Rh3 Rf8 19. Rg3 Ng4 20. Nxg7 Qxg7 21. Qc2 Qf6 22. Rf3 Qxh4 23. O-O-O Kc8 24. Kb1 Kb8 25. Nb5 Rc8 26. g3 Qe7 27. Ba3 Qd7 28. Nc3 Ng5 29. Rf4 Ne4 30. Nxe4 dxe4 31. d5 Rce8 32. d6 c5 33. Qc4 Ne5 34. Qc3 Nd3 35. Rf6 Rhf8 36. f4 exf3 37. Rxf8 Rxf8 38. Qxd3 f2 39. e4 Qg4 40. d7 Bxe4 41. Kb2 Bxd3 42. Rxd3 f1=Q 43. d8=Q+ Rxd8 44. Rxd8+ Kc7 45. Rd2 Qg7+ 46. Kc2 Qg6+ 47. Kc3 Qgf6+ 48. Kc2 Q6f5+ 49. Kc3 Qe5+ 50. Kc2 Qe4+ 51. Kc3 Qff3+ 52. Kb2 Qfd3 53. Rxd3 Qxd3 54. Kc1 Qc3+ 55. Kb1 Qxg3 56. Bc1 h4 57. Kc2 h3 58. Bd2 h2 59. b4 h1=Q 60. bxc5 Qe4+ 61. Kb2 Qg7+ 62. Kc1 Qc4+ 63. Kd1 Qg1+ 64. Be1 Qgd4+ 65. Bd2 Qcd3 66. Kc1 Qxd2+ 67. Kb1 Q4b2# 0-1

[Event "December 12 Early 2023"]
[Site "https://www.chess.com"]
[Date "2023.12.12"]
[Round "2"]
[White "Vakhidov, Shahzod"]
[Black "Bacrot, Etienne"]
[Result "0-1"]
[Board "50"]
[TimeControl "180+1"]
[WhiteFideId "14205270"]
[BlackFideId "605506"]
[WhiteElo "2563"]
[BlackElo "2844"]
[WhiteTeam "UZB"]
[BlackTeam "FRA"]
[WhiteClock "0:00:02"]
[BlackClock "0:00:07"]

1. d4 d5 2. Nf3 Nf6 3. g3 e6 4. Bg2 Be7 5. O-O O-O 6. c4 c6 7. Qc2 b6 8. Nbd2 Ba6 9. Ne5 Nfd7 10. Ndf3 Nxe5 11. Nxe5 f6 12. Nf3 Bxc4 13. b3 Ba6 14. Bf4 Bd6 15. Bxd6 Qxd6 16. Rfe1 Nd7 17. e4 Rae8 18. Rac1 c5 19. exd5 exd5 20. dxc5 bxc5 21. Red1 d4 22. Qf5 Ne5 23. Nd2 Nd3 24. Rc4 Re5 25. Qxd3 Rfe8 26. h4 Bxc4 27. Nxc4 Re1+ 28. Rxe1 Rxe1+ 29. Kh2 Qe7 30. Qf5 g6 31. Qd5+ Kg7 32. h5 Re2 33. hxg6 hxg6 34. Nd6 Re5 35. Qc6 Re6 36. Qb7 Qxb7 37. Nxb7 d3 38. Nxc5 Rd6 39. Ne4 d2 40. Nc3 d1=Q 41. Nxd1 Rxd1 42. a4 Rd2 43. Kg1 Rb2 44. Bd5 f5 45. Bc4 Kf6 46. Kg2 Ke5 47. Kf3 g5 48. Ke3 g4 49. f3 gxf3 50. Kxf3 a5 51. g4 f4 52. Bg8 Rc2 53. Bc4 Rc3+ 54. Kf2 Rg3 55. g5 Rxg5 56. Ke2 Rg3 57. Kf2 Kd4 58. Ke2 Kc5 59. Kf2 Kb4 0-1

[Event "December 12 Early 2023"]
[Site "https://www.chess.com"]
[Date "2023.12.12"]
[Round "2"]
[White "Vakhlamov, Igor L."]
[Black "Farahat, Ali"]
[Result "1-0"]
[Board "51"]
[TimeControl "180+1"]
[WhiteFideId "24126748"]
[BlackFideId "10600507"]
[WhiteElo "2837"]
[BlackElo "2562"]
[WhiteTeam "RUS"]
[BlackTeam "USA"]
[WhiteClock "0:00:22"]
[BlackClock "0:00:00"]

1. e4 e5 2. Nf3 Nc6 3. Nc3 Nf6 4. Bb5 Nd4 5. Nxd4 exd4 6. e5 dxc3 7. exf6 Qxf6 8. dxc3 Qe5+ 9. Be2 Bc5 10. O-O O-O 11. Re1 Qf6 12. Bf3 c6 13. Be3 Bxe3 14. Rxe3 d5 15. Bg4 Bxg4 16. Qxg4 Rae8 17. Rae1 Rxe3 18. Rxe3 g6 19. Qd7 Rd8 20. Qxb7 d4 21. cxd4 Rxd4 22. g3 Rd2 23. Re8+ Kg7 24. Qxa7 Rxc2 25. b4 h5 26. h4 Qa1+ 27. Kg2 Rxa2 28. Qc5 Kh7 29. Qe7 Ra7 30. Qc5 Ra8 31. Qxc6 Rxe8 32. Qxe8 Qa2 33. Qc6 Kg7 34. b5 Qa4 35. Qd5 Qb4 36. Qc6 Qa4 37. Qc5 Qe4+ 38. Kg1 Qe1+ 39. Kh2 Qa5 40. Qd4+ Kf8 41. Qd6+ Ke8 42. b6 Qb5 43. Qb8+ Kd7 44. Qc7+ 1-0

[Event "December 12 Early 2023"]
[Site "https://www.chess.com"]
[Date "2023.12.12"]
[Round "2"]
[White "Materia, Marco"]
[Black "Osmak, Yuliia"]
[Result "1-0"]
[Board "52"]
[TimeControl "180+1"]
[WhiteFideId "45150451"]
[BlackFideId "14101602"]
[WhiteElo "2836"]
[BlackElo "2562"]
[WhiteTeam "FRA"]
[BlackTeam "UKR"]
[WhiteClock "0:01:06"]
[BlackClock "0:00:00"]

1. Nf3 d5 2. e3 Nf6 3. c4 dxc4 4. Bxc4 e6 5. O-O a6 6. a4 c5 7. d4 cxd4 8. Nxd4 Bd6 9. Qe2 O-O 10. Rd1 Qe7 11. b3 b6 12. Ba3 Bxa3 13. Nxa3 Bb7 14. Qb2 Nbd7 15. Rac1 Rac8 16. Bf1 h6 17. Nc4 Nd5 18. Be2 Nc5 19. Bf3 Rb8 20. Qa3 Rfc8 21. a5 b5 22. Bxd5 Bxd5 23. Nb6 Rc7 24. b4 Ne4 25. Nxd5 exd5 26. Nc6 Qf6 27. Nxb8 Qxf2+ 28. Kh1 Rb7 29. Nc6 1-0

[Event "December 12 Early 2023"]
[Site "https://www.chess.com"]
[Date "2023.12.12"]
[Round "2"]
[White "Belov, Alexei"]
[Black "Yeremyan, Alen"]
[Result "1-0"]
[Board "53"]
[TimeControl "180+1"]
[WhiteFideId "4128206"]
[BlackFideId "13308998"]
[WhiteElo "2561"]
[BlackElo "2834"]
[WhiteTeam "RUS"]
[BlackTeam "ARM"]
[WhiteClock "0:00:10"]
[BlackClock "0:01:01"]

1. e4 Nf6 2. e5 Nd5 3. d4 d6 4. Nf3 Bg4 5. Be2 c6 6. O-O Bxf3 7. Bxf3 dxe5 8. dxe5 e6 9. c4 Ne7 10. Qxd8+ Kxd8 11. b3 Nf5 12. Rd1+ Kc7 13. Be4 g6 14. Nd2 Nd7 15. Nf3 Bg7 16. Bb2 h6 17. Rd3 Nc5 18. Bxf5 exf5 19. Rd4 Rhd8 20. Rad1 Rxd4 21. Rxd4 Ne6 22. Rd2 Bf8 23. Nd4 Nc5 24. f3 Rd8 25. Kf1 Be7 26. Ke2 Bg5 27. Rd1 Bf4 28. g3 Bxe5 29. Nb5+ cxb5 30. Bxe5+ Kc8 31. Rxd8+ Kxd8 32. cxb5 Kd7 33. Bd4 Kd6 34. b4 Na4 35. Kd3 Kd5 36. Bxa7 Nb2+ 37. Kc2 Nc4 38. a4 g5 39. Kc3 f4 40. gxf4 gxf4 41. Bb8 Nb6 42. a5 Nc4 43. Bxf4 Na3 44. b6 Nb5+ 45. Kd3 Kc6 46. Bxh6 Nd6 47. Bf4 Nf5 48. Bg5 Ng7 49. h4 Ne6 50. Kc4 Kd7 51. b5 Kc8 52. a6 Kb8 53. Bf6 Ka8 54. h5 Nf4 55. h6 Ng6 56. h7 Kb8 57. Kd5 Ka8 58. Kd6 Nf8 59. h8=Q bxa6 60. bxa6 1-0

[Event "December 12 Early 2023"]
[Site "https://www.chess.com"]
[Date "2023.12.12"]
[Round "2"]
[White "Shuvalov, Evgenij"]
[Black "Klymchuk, Andriy"]
[Result "0-1"]
[Board "54"]
[TimeControl "180+1"]
[WhiteFideId "4187237"]
[BlackFideId "14140063"]
[WhiteElo "2561"]
[BlackElo "2825"]
[WhiteTeam "FID"]
[BlackTeam "UKR"]
[WhiteClock "0:00:53"]
[BlackClock "0:01:41"]

1. d4 Nf6 2. c4 c5 3. d5 b5 4. cxb5 a6 5. e3 axb5 6. Bxb5 Qa5+ 7. Nc3 Bb7 8. Bd2 Qb6 9. a4 Nxd5 10. Nf3 e6 11. O-O Nb4 12. e4 Be7 13. Bf4 O-O 14. Ne5 Qd8 15. Nxd7 Nxd7 16. Qxd7 Qxd7 17. Bxd7 c4 18. Bb5 Nd3 19. Be3 Rfc8 20. Rab1 Bf6 21. f3 Ba6 22. Rfd1 h5 23. f4 Nxb2 24. Rxb2 Bxc3 25. Rc2 Ba5 26. Rdc1 Bxb5 27. axb5 c3 28. Bd4 Rc4 29. Bxc3 Rac8 30. Bxa5 Rxc2 31. Rxc2 Rxc2 32. Bc7 Rxc7 0-1

[Event "December 12 Early 2023"]
[Site "https://www.chess.com"]
[Date "2023.12.12"]
[Round "2"]
[White "Miladinovic, Igor"]
[Black "De Boer, Eelke"]
[Result "1-0"]
[Board "55"]
[TimeControl "180+1"]
[WhiteFideId "4203380"]
[BlackFideId "1048120"]
[WhiteElo "2818"]
[BlackElo "2560"]
[WhiteTeam "SRB"]
[BlackTeam "NED"]
[WhiteClock "0:00:33"]
[BlackClock "0:00:02"]

1. d4 Nf6 2. Bg5 d5 3. Bxf6 gxf6 4. e3 c5 5. dxc5 Nc6 6. c4 Qa5+ 7. Nc3 dxc4 8. Bxc4 Qxc5 9. Bb3 Bf5 10. Nge2 e6 11. O-O Rd8 12. Qc1 Bd6 13. Ng3 Bg6 14. Rd1 h5 15. Nge4 Bxe4 16. Nxe4 Bxh2+ 17. Kh1 Qe5 18. Rxd8+ Nxd8 19. Qc4 f5 20. Nc5 b6 21. Ba4+ Ke7 22. Nd3 Qc7 23. Qd4 f6 24. Rc1 Qd6 25. Qc3 Be5 26. Qc2 Kf7 27. f4 Kg6 28. fxe5 fxe5 29. Rd1 Qb8 30. Qf2 Nf7 31. Qg3+ Kf6 32. Nf2 h4 33. Qh2 Ng5 34. Rf1 Kg6 35. e4 Qd6 36. Bc2 Qd2 37. exf5+ exf5 38. Qxe5 Qxc2 39. Qxh8 Qe2 40. Qg8+ Kf6 41. Kg1 Nf7 42. Qh7 Ng5 1-0

[Event "December 12 Early 2023"]
[Site "https://www.chess.com"]
[Date "2023.12.12"]
[Round "2"]
[White "Postlmayer, Jakob"]
[Black "Mikhailovsky, Vladimir"]
[Result "1-0"]
[Board "56"]
[TimeControl "180+1"]
[WhiteFideId "1643622"]
[BlackFideId "34105414"]
[WhiteElo "2560"]
[BlackElo "2818"]
[WhiteTeam "AUT"]
[BlackTeam "RUS"]
[WhiteClock "0:00:28"]
[BlackClock "0:00:00"]

1. c4 c6 2. Nf3 d5 3. e3 Nf6 4. Nc3 Nbd7 5. d4 e6 6. Be2 Bd6 7. O-O O-O 8. b3 Qe7 9. Bb2 dxc4 10. bxc4 e5 11. Re1 Re8 12. h3 b6 13. Qb3 e4 14. Nd2 Nf8 15. a4 Bb4 16. Ba3 a5 17. Reb1 c5 18. Bxb4 axb4 19. Nb5 Ng6 20. Bf1 Rd8 21. d5 Nh4 22. Qd1 Qe5 23. g3 Nf5 24. Bg2 Nd6 25. Nxd6 Rxd6 26. Ra2 Bd7 27. Rba1 h5 28. h4 Ng4 29. Nxe4 Rg6 30. a5 bxa5 31. Rxa5 Rxa5 32. Rxa5 f6 33. Nxc5 Nxf2 34. Qf3 Rxg3 35. Qxf2 Bg4 36. Nd3 Qxe3 37. Qxe3 Rxe3 38. Nxb4 Rc3 39. d6 Rxc4 40. Bd5+ 1-0

[Event "December 12 Early 2023"]
[Site "https://www.chess.com"]
[Date "2023.12.12"]
[Round "2"]
[White "Kushagra Mohan"]
[Black "Yelisieiev, Yevhenii"]
[Result "1-0"]
[Board "57"]
[TimeControl "180+1"]
[WhiteFideId "25033638"]
[BlackFideId "14139642"]
[WhiteElo "2812"]
[BlackElo "2559"]
[WhiteTeam "IND"]
[BlackTeam "GER"]
[WhiteClock "0:00:09"]
[BlackClock "0:00:02"]

1. e4 d6 2. d4 Nf6 3. Nc3 e5 4. Nf3 Nbd7 5. Bc4 Be7 6. O-O O-O 7. a4 c6 8. h3 a5 9. Re1 Nb6 10. Ba2 Nfd7 11. Be3 exd4 12. Nxd4 Nc5 13. Qf3 Nbxa4 14. Nxa4 Nxa4 15. Nf5 Bxf5 16. Qxf5 b5 17. Bd4 Bf6 18. Rad1 Nxb2 19. Bxf6 Qxf6 20. Qxf6 gxf6 21. Rxd6 Rfc8 22. Rxf6 Rc7 23. Re3 Nc4 24. Rg3+ Kh8 25. Rg5 a4 26. Rc5 Ra6 27. Rxb5 cxb5 28. Rxa6 Na3 29. f4 Nxc2 30. Ra5 Nb4 31. Bd5 Nxd5 32. exd5 Rb7 33. d6 Kg7 34. Kf2 Kf6 35. Ke3 Ke6 36. Ra6 b4 37. Rxa4 b3 38. d7 Kxd7 39. Rd4+ Ke6 40. Rd1 b2 41. Rb1 Kd5 42. Kd3 h5 43. g4 h4 44. f5 f6 45. Kc2 Ke5 46. Rxb2 Rc7+ 47. Kd3 Kf4 48. Kd4 Rd7+ 49. Kc5 Kg3 50. Rb3+ Kg2 51. Re3 Rd8 52. Kc6 Kf2 53. Rb3 Kg2 54. Kc7 Rd1 55. Ra3 Rd2 56. Kc8 Rd4 57. Re3 Rd1 58. Kc7 Rd2 59. Kc6 Rd4 60. Kc5 Rd1 61. Kc4 Rd8 62. Kc3 Kf2 63. Rd3 Rc8+ 64. Kd4 Kg2 65. Ke4 Re8+ 66. Kf4 Re1 67. g5 fxg5+ 68. Kxg5 Rf1 69. f6 Kh2 70. Kg6 Rg1+ 71. Kh7 Rg3 72. Rd4 Kxh3 73. Rf4 Ra3 74. f7 Ra7 75. Kg6 Ra8 76. f8=Q Rb8 77. Qxb8 1-0

[Event "December 12 Early 2023"]
[Site "https://www.chess.com"]
[Date "2023.12.12"]
[Round "2"]
[White "Dragnev, Valentin"]
[Black "Andreev, Konstantin"]
[Result "1/2-1/2"]
[Board "58"]
[TimeControl "180+1"]
[WhiteFideId "1634852"]
[BlackFideId "24239305"]
[WhiteElo "2806"]
[BlackElo "2559"]
[WhiteTeam "AUT"]
[BlackTeam "ITA"]
[WhiteClock "0:00:07"]
[BlackClock "0:00:08"]

1. Nf3 Nf6 2. d4 b5 3. e3 a6 4. a4 b4 5. Bd3 Bb7 6. O-O e6 7. Re1 d5 8. c3 c5 9. dxc5 Bxc5 10. Bd2 bxc3 11. Bxc3 O-O 12. b4 Bd6 13. Nbd2 Nbd7 14. Bf1 e5 15. Qb3 Rc8 16. Rac1 Qe7 17. h3 h6 18. b5 axb5 19. axb5 Nc5 20. Qb1 Nfe4 21. Nxe4 Nxe4 22. Bb2 f5 23. Rxc8 Rxc8 24. Rc1 Re8 25. b6 Ng5 26. Qxf5 Nxf3+ 27. Qxf3 Rf8 28. Qg4 Qf7 29. Rc2 Kh8 30. Qg3 Qe6 31. Qg4 Qf6 32. f4 Bb8 33. Qh5 Qxb6 34. Bxe5 Qxe3+ 35. Rf2 Bxe5 36. Qxe5 Qxe5 37. fxe5 Re8 38. Bd3 Kg8 39. Rb2 Re7 40. Kf2 Kf7 41. Rb6 Rc7 42. Ke3 Bc6 43. Kd4 Bb7 44. Bg6+ Ke7 45. Bd3 Kf7 46. h4 Ke7 47. g4 Kf7 48. g5 hxg5 49. hxg5 Ke7 50. g6 Bc6 51. Bf5 Bb7 52. Re6+ Kf8 53. Rd6 Rc4+ 54. Kd3 Rc7 55. Kd4 Rc4+ 56. Kd3 Rc7 57. Rb6 Ke7 58. Bg4 Bc6 59. Kd4 Bb7 60. Be2 Bc6 61. Ba6 Ba8 62. Bb5 Bb7 63. Rd6 Ba8 64. Rb6 Bb7 65. e6 Ba8 66. Ke5 Bb7 67. Bd3 Bc8 68. Bf5 Rc1 69. Rb8 Re1+ 70. Kd4 Bxe6 71. Rb7+ Kf6 72. Bd3 Rg1 73. Rb6 Rg4+ 74. Kc5 Ke5 75. Rb1 Rg3 76. Re1+ Kf6 77. Kd4 Rg4+ 78. Kc5 Bf5 79. Rf1 Rg5 80. Kxd5 Kxg6 81. Rxf5 Rxf5+ 82. Ke6 Kg5 83. Bxf5 Kf4 84. Bg6 Kg5 85. Kf7 Kf4 86. Kxg7 1/2-1/2

[Event "December 12 Early 2023"]
[Site "https://www.chess.com"]
[Date "2023.12.12"]
[Round "2"]
[White "Cordoba Roa, Angel Gabriel"]
[Black "Khripachenko, Alexander"]
[Result "1/2-1/2"]
[Board "59"]
[TimeControl "180+1"]
[WhiteFideId "3957624"]
[BlackFideId "54184975"]
[WhiteElo "2555"]
[BlackElo "2804"]
[WhiteTeam "COL"]
[BlackTeam "FID"]
[WhiteClock "0:00:14"]
[BlackClock "0:00:13"]

1. e4 c5 2. Nf3 e6 3. g3 Nc6 4. Bg2 Nf6 5. Qe2 d6 6. O-O Be7 7. c3 e5 8. Rd1 O-O 9. Na3 Re8 10. Nc2 Bf8 11. b4 cxb4 12. cxb4 d5 13. d3 Nxb4 14. Nxb4 Bxb4 15. exd5 Nxd5 16. Bb2 Bc3 17. Rac1 Bxb2 18. Qxb2 Qb6 19. Qa1 Qd6 20. Nd2 Bf5 21. Nc4 Qe6 22. Re1 f6 23. f4 Bxd3 24. fxe5 Bxc4 25. Rxc4 fxe5 26. Rce4 Qb6+ 27. Kh1 Nf6 28. Rxe5 Rxe5 29. Qxe5 Re8 30. Qc3 Rxe1+ 31. Qxe1 Kf7 32. h3 Qc7 33. g4 h6 34. a4 b6 35. Qb1 Qc3 36. Qb5 Qc1+ 37. Kh2 Qf4+ 38. Kg1 Qd4+ 39. Kh2 Qc5 40. Qa6 Qc7+ 41. Kg1 Ke7 42. Qe2+ Kf8 43. Qa6 Nd7 44. Qf1+ Nf6 45. Qa6 Qe7 46. Qc8+ Kf7 47. Qc4+ Kf8 48. Qc8+ Ne8 49. Qa8 Qe1+ 50. Kh2 Qe5+ 51. Kh1 a5 52. Bc6 Qe1+ 53. Kg2 Qe2+ 54. Kg1 Qe3+ 55. Kg2 Kf7 56. Bxe8+ Qxe8 57. Qb7+ Qe7 58. Qxb6 Qe4+ 59. Kg3 Qxa4 60. Qc7+ Kg6 61. Qd6+ Kh7 62. Qd3+ Kg8 63. Qd5+ Kf8 64. Qf5+ Kg8 65. Qe6+ Kh8 66. Qc8+ Kh7 67. Qf5+ Kg8 68. Qe6+ Kf8 69. Qf5+ Ke7 70. Qe5+ Kd8 71. Qxg7 Qb3+ 72. Kh4 a4 73. Qxh6 a3 74. Qf8+ Kd7 75. Qf5+ Kd6 76. Qf6+ Kc5 77. Qe5+ Kc6 78. Qf6+ Kb5 79. Qe5+ Kc4 80. g5 a2 81. g6 Kb4 82. g7 Qc4+ 83. Kg5 Qf7 84. Qf4+ Qxf4+ 85. Kxf4 a1=Q 86. g8=Q Qf1+ 87. Ke5 Qxh3 88. Qb8+ Kc3 89. Qc7+ Kd2 90. Qa5+ Qc3+ 91. Qxc3+ Kxc3 1/2-1/2

[Event "December 12 Early 2023"]
[Site "https://www.chess.com"]
[Date "2023.12.12"]
[Round "2"]
[White "Dragun, Kamil"]
[Black "Kunin, Vitaly"]
[Result "0-1"]
[Board "60"]
[TimeControl "180+1"]
[WhiteFideId "1134167"]
[BlackFideId "4128737"]
[WhiteElo "2800"]
[BlackElo "2552"]
[WhiteTeam "POL"]
[BlackTeam "GER"]
[WhiteClock "0:00:04"]
[BlackClock "0:00:02"]

1. d4 d5 2. c4 dxc4 3. Nf3 Nf6 4. e3 Bg4 5. Bxc4 e6 6. Nbd2 c5 7. Qa4+ Nbd7 8. Ne5 a6 9. Nxg4 Nxg4 10. dxc5 Ne5 11. b4 b5 12. cxb6 Qxb6 13. a3 Be7 14. O-O O-O 15. Bb2 a5 16. Bd4 Qb7 17. b5 Nb6 18. Qc2 Nexc4 19. Nxc4 Nxc4 20. Qxc4 Rfc8 21. Qe2 a4 22. b6 e5 23. Bxe5 Qxb6 24. Qg4 Bf6 25. Bxf6 Qxf6 26. Rac1 Rxc1 27. Rxc1 g6 28. h4 Qb2 29. Rc8+ Rxc8 30. Qxc8+ Kg7 31. Qc5 Qb3 32. g3 h5 33. Qd6 Qb1+ 34. Kg2 Qe4+ 35. Kh2 Qc2 36. Qd4+ Kg8 37. Kg2 Qc6+ 38. e4 Kh7 39. Qd5 Qc7 40. e5 Qa7 41. Kf3 Qe7 42. Qd6 Qb7+ 43. Kf4 Qa7 44. f3 Qg1 45. Qd2 Qc5 46. Qe3 Qe7 47. Qd4 Qxa3 48. e6 Qe7 49. Qd7 Qxe6 50. Qxa4 Qd6+ 51. Ke3 Qxg3 52. Qc4 Qe1+ 53. Kf4 Qxh4+ 0-1